 Dungeon Crawl Stone Soup version 0.27.1-1-g398f81649c (webtiles) character file.

Game seed: 3796502302962486167

106 nxtlvl the Ducker (level 4, -2/38 HPs)
             Began as a Minotaur Necromancer on Sept 10, 2021.
             Slain by a water moccasin skeleton (5 damage)
             ... on level 4 of the Dungeon.
             The game lasted 00:05:56 (1072 turns).

nxtlvl the Ducker (Minotaur Necromancer)            Turns: 1072, Time: 00:05:56

Health: -2/38      AC:  6    Str: 13    XL:     4   Next: 55%
Magic:  5/5        EV: 10    Int: 12    God:
Gold:   149        SH:  0    Dex: 11    Spells: 4/5 levels left

rFire    . . .     SeeInvis .   a - +0 trident
rCold    . . .     Faith    .   (no shield)
rNeg     . . .     Spirit   .   c - +0 scale mail
rPois    .         Reflect  .   (helmet restricted)
rElec    .         Harm     .   (no cloak)
rCorr    .         Rampage  .   (no gloves)
Will     .....                  (no boots)
Stlth    ..........             (no amulet)
HPRegen  0.12/turn              (no ring)
MPRegen  0.09/turn              (no ring)

@: no status effects
A: horns 2, retaliatory headbutt
a: no special abilities


You were on level 4 of the Dungeon.
You visited 1 branch of the dungeon, and saw 4 of its levels.

You collected 149 gold pieces.

Inventory:

Hand Weapons
 a - a +0 trident (weapon)
Missiles
 f - 65 sling bullets
 j - 10 poisoned darts
 l - 23 bolts
Armour
 c - a +0 scale mail (worn)
Scrolls
 b - a scroll of identify {unknown}
 k - 3 scrolls of teleportation {unknown}
 m - a scroll of noise {unknown}
Potions
 d - 2 potions of might {unknown}
 e - a potion of heal wounds {unknown}
 g - a potion of curing {unknown}
 h - a potion of invisibility {unknown}
 i - 2 potions of degeneration {unknown}


   Skills:
 + Level 3.5 Fighting
 + Level 4.0 Dodging
 - Level 1.5 Stealth
 - Level 1.3 Spellcasting
 - Level 2.9 Necromancy


You had 4 spell levels left.
You knew the following spells:

 Your Spells              Type           Power      Damage    Failure   Level
a - Pain                  Necr           28%        1d5       41%         1

Your spell library contained the following spells:

 Spells                   Type           Power      Damage    Failure   Level
 Animate Skeleton         Necr           14%        N/A       41%         1
 Vampiric Draining        Necr           3%         2d6       78%         3
 Animate Dead             Necr           3%         N/A       99%         4
 Agony                    Necr           7%         N/A       100%        5


Dungeon Overview and Level Annotations

Branches:
Dungeon (4/15)
 Temple: D:4-7

Altars:
Makhleb

Annotations:
D:3 1 runed translucent door, Brohito's ghost, weakling SpCj


Innate Abilities, Weirdness & Mutations

You have a pair of horns on your head.
You reflexively headbutt those who attack you in melee.


Message History

You kill the kobold!
You feel sick. The jackal bites you.
You closely miss the jackal.
You feel sick. The jackal closely misses you. You furiously retaliate!
You headbutt the jackal!
You kill the jackal!
You feel sick.
You are no longer poisoned.
Things that are here:
a +0 whip; a kobold corpse; an adder corpse You now have 149 gold pieces (gained 8).
There is an escape hatch in the ceiling here.
m - a scroll labelled TONOUJ CIKI A water moccasin skeleton comes into view.
A black bear comes into view.
Found 15 stones.
The black bear growls angrily.
The water moccasin skeleton bites you but does no damage.
Things that are here:
a +0 whip; a kobold corpse; an adder corpse
There is an escape hatch in the ceiling here.
Found a mace.
A kobold comes into view. It is wielding a +0 club.
The kobold shouts!
You hear a shout!
There is an escape hatch in the ceiling here.
An orc comes into view. It is wielding a +0 dagger.
The orc shouts!
The orc throws a stone.
The stone hits you but does no damage.
The orc throws a stone.
The stone hits you.
The orc throws a stone.
The stone barely misses you. The black bear closely misses you.
The black bear claws you but does no damage.
The black bear claws you. The black bear bites you!
* * * LOW HITPOINT WARNING * * *
The black bear closely misses you. The black bear claws you.
* * * LOW HITPOINT WARNING * * *
Found a scroll labelled COGRYMICUO.
The water moccasin skeleton bites you.
* * * LOW HITPOINT WARNING * * *
The water moccasin skeleton bites you.
You die...

..#..####?.......
...........# .##..#####.#
# .....Z...#.# .#.#
###..###<#.# .#.# #..#
#.#)# ...# #..#
#.#.#########.#.#
#..###..............?#
###.............@Z..#..##
...........>.#####o.....#
..............####.#.##.#
..............Kh.....#
##......###...###..###
..##..........# #..# # .
..#..#####..# #..####.#
##.##.#####.†###.....#.#
.. #.##...............#


You could see an orc and a water moccasin skeleton.

Vanquished Creatures
  Jessica (D:3)
  A hound skeleton (D:3)
  An adder (D:4)
  A worm (D:4)
  4 dart slugs
  An orc (D:3)
  4 ball pythons
  4 bats
  3 endoplasms
  4 giant cockroaches
  A goblin (D:1)
  3 hobgoblins
  7 jackals
  3 kobolds
  2 quokkas
  2 rats
42 creatures vanquished.

Notes
Turn   | Place    | Note
-------+----------+-------------------------------------------
     0 | D:1      | nxtlvl the Minotaur Necromancer began the quest for the
                  | Orb.
     0 | D:1      | Reached XP level 1. HP: 14/14 MP: 1/1
    53 | D:2      | Reached skill level 1 in Fighting
    63 | D:2      | Reached XP level 2. HP: 16/23 MP: 3/3
   199 | D:1      | Reached skill level 3 in Dodging
   393 | D:1      | Reached XP level 3. HP: 17/29 MP: 4/4
   452 | D:3      | Noticed Jessica
   457 | D:3      | Killed Jessica
   496 | D:3      | Reached XP level 4. HP: 23/38 MP: 5/5
   503 | D:3      | Found a runed translucent door.
   504 | D:3      | Noticed a bullfrog
   522 | D:3      | Noticed Brohito's ghost (weakling SpCj)
   647 | D:3      | Found a burning altar of Makhleb.
   649 | D:3      | Noticed a cacodemon
  1004 | D:4      | Reached skill level 4 in Dodging
  1029 | D:4      | Noticed a black bear
  1072 | D:4      | Slain by a water moccasin skeleton

Illustrated notes

Levels and vault maps discovered:
D:1:      dpeg_arrival_lava_temple_mockup, layout_basic,
          shapermc_ecumenical_altar_ellora
D:2:      layout_rooms
D:3:      layout_loops_ring, makhleb_altar_promises_db, ebering_ghost_sewer_d,
          uniq_jessica
D:4:      layout_loops_ring, minmay_pentomino_pile

Skill      XL: |  1  2  3  4 |
---------------+-------------+-----
Fighting       | 1 2 3 |  3.5
Dodging        | 3 4 |  4.0
Stealth        | |  1.5
Spellcasting   | |  1.3
Necromancy     | |  2.9

Action                   |  1- 3 |  4- 6 || total
-------------------------+-------+-------++-------
Melee: Unarmed           |   120 |    31 ||   151
       Headbutt          |    21 |     8 ||    29
       Trident           |       |    21 ||    21
Armor: Scale mail        |    66 |    26 ||    92
       Robe              |     1 |       ||     1
Dodge: Dodged            |    51 |    34 ||    85
